 Dungeon Crawl Stone Soup version 0.29.1-15-g9cfb28693d (webtiles) character file.

Game seed: 2975890550939268295

109647 Renzlar the Tortoise (level 16, 43/128 (129) HPs)
             Began as a Gnoll Fighter on Mar 6, 2023.
             Was the Champion of Okawaru.
             Quit the game on level 2 of the Abyss on Mar 7, 2023.
             The game lasted 02:01:37 (21154 turns).

Renzlar the Tortoise (Gnoll Fighter)               Turns: 21154, Time: 02:01:37

HP:   43/128 (129)  AC: 18    Str: 20    XL:     16   Next: 52%
MP:   24/24         EV: 20    Int:  5    God:    Okawaru [******]
Gold: 1724          SH: 15    Dex: 20    Spells: 19/36 levels left

rFire   . . .      SeeInvis .   b - +10 falchion "Voaxe" {flame, Contam Dex+6}
rCold   + + .      Faith    .   f - +0 kite shield
rNeg    . . .      Spirit   .   t - +1 scale mail {rC+}
rPois   .          Reflect  .   (helmet restricted)
rElec   .          Harm     .   C - +0 cloak
rCorr   .          Rampage  +   (no gloves)
Will    ++...                   O - +2 pair of boots {rampage}
Stlth   +++++.....              D - amulet of regeneration
HPRegen 1.11/turn               g - ring of willpower
MPRegen 0.19/turn               K - ring of wizardry

@: heroic, wreathed by umbra, studying Armour, lightly drained
A: fangs 1, strong nose, distributed training, horns 2, cold resistance 1,
mutation resistance 1, inability to read after injury 1, [dopey 2], [low MP 2],
[subdued magic 2]
a: Renounce Religion, Heroism, Finesse, Duel


You were on level 2 of the Abyss.
You worshipped Okawaru.
Okawaru was exalted by your worship.
You visited 3 branches of the dungeon, and saw 21 of its levels.
You visited the Abyss 1 time.

You collected 2360 gold pieces.
You spent 636 gold pieces at shops.

Inventory:

Hand Weapons
 a - a +2 war axe of venom
 b - the +10 falchion "Voaxe" (weapon) {flame, Contam Dex+6}
   (You found it on level 4 of the Dungeon)

   It burns those it strikes, dealing additional fire damage.
   Big, fiery blades are also staple armaments of hydra-hunters.
   Dex:       It affects your dexterity (+6).
   Contam:    It causes magical contamination when unequipped.
 o - a +1 dagger of electrocution
 r - the +10 rapier of Pett {freeze, rPois rF+++ Int+3 Dex-4}
   (You bought it in a shop on level 2 of the Orcish Mines)

   It freezes those it strikes, dealing additional cold damage.
   It can also slow down cold-blooded creatures.
   Int:       It affects your intelligence (+3).
   Dex:       It affects your dexterity (-4).
   rF:        It renders you almost immune to fire.
   rPois:     It protects you from poison.
 y - a +0 sling
Missiles
 c - 3 throwing nets
 d - 6 boomerangs (quivered)
 v - 3 curare-tipped darts
 x - 26 poisoned darts
 H - 10 silver javelins
Armour
 f - a +0 kite shield (worn)
 t - a +1 scale mail of cold resistance (worn)
 u - a +1 helmet
 w - the +4 plate armour of the Spider Nest {Will++}
   (You found it on level 5 of the Lair of Beasts)

   Will:      It greatly increases your willpower.
 C - a +0 cloak (worn)
 J - a +0 helmet of intelligence
 O - a +2 pair of boots of rampaging (worn)
Jewellery
 g - a ring of willpower (left hand)
 j - an amulet of reflection
 k - a ring of protection from cold
 D - an amulet of regeneration (around neck)
 K - a ring of wizardry (right hand)
 L - a ring of willpower
 P - a ring of see invisible
 Q - a ring of fire
Wands
 A - a wand of paralysis (11)
 E - a wand of flame (34)
 I - a wand of mindburst (17)
 M - a wand of iceblast (9)
 N - a wand of digging (8)
Scrolls
 h - a scroll of enchant weapon
 l - 2 scrolls of identify
 s - 5 scrolls of teleportation
Potions
 e - 3 potions of ambrosia
 i - 12 potions of curing
 m - a potion of flight
 n - 4 potions of haste
 p - a potion of brilliance
 q - 4 potions of magic
 F - a potion of invisibility
Miscellaneous
 G - a piece from Xom's chessboard (15/15)


   Skills:
 + Level 12.6(17.6) Fighting
 + Level 10.9(15.9) Short Blades
 + Level 10.9(15.9) Long Blades
 + Level 11.8(16.8) Axes
 + Level 10.9(15.9) Maces & Flails
 + Level 10.9(15.9) Polearms
 + Level 10.9(15.9) Staves
 + Level 10.9(15.9) Ranged Weapons
 + Level 10.9(15.9) Throwing
 + Level 16.3(21.3) Armour
 + Level 10.9(15.9) Dodging
 + Level 10.9(15.9) Stealth
 + Level 12.6(17.6) Shields
 + Level 10.9(15.9) Unarmed Combat
 + Level 10.9 Spellcasting
 + Level 9.2 Conjurations
 + Level 9.2 Hexes
 + Level 9.2 Summonings
 + Level 9.2 Necromancy
 + Level 9.2 Translocations
 + Level 9.2 Transmutations
 + Level 9.2 Fire Magic
 + Level 9.2 Ice Magic
 + Level 9.2 Air Magic
 + Level 9.2 Earth Magic
 + Level 9.2 Poison Magic
 + Level 11.9 Invocations
 + Level 10.9 Evocations


You had 19 spell levels left.
You knew the following spells:

 Your Spells              Type           Power      Damage    Failure   Level
a - Wereblood             Tmut           7%         N/A       1%          2
b - Frozen Ramparts       Ice            14%        1d3       1%          3
c - Stone Arrow           Conj/Erth      14%        3d7       1%          3
d - Cause Fear            Hex            3%         N/A       2%          4
e - Freezing Cloud        Conj/Ice/Air   3%         6-21      9%          5

Your spell library contained the following spells:

 Spells                   Type           Power      Damage    Failure   Level
 Beastly Appendage        Tmut           14%        N/A       1%          1
 Freeze                   Ice            28%        1d5       1%          1
 Sandblast                Erth           14%        2d6       1%          1
 Passwall                 Tmut/Erth      5%         N/A       1%          2
 Inner Flame              Hex/Fire       7%         N/A       1%          3
 Spider Form              Tmut/Pois      7%         N/A       1%          3
 Hailstorm                Conj/Ice       7%         3d4       2%          4
 Discord                  Hex            3%         N/A       100%        8
 Polar Vortex             Ice            3%         N/A       100%        9
 Simulacrum               Ice/Necr       Unusable   N/A       N/A         6

Dungeon Overview and Level Annotations

Branches:
Dungeon (14/15)            Temple (0/1) D:6            Lair (5/5) D:8
  Swamp (0/4) Lair:3        Snake (0/4) Lair:2        Slime (0/5) Lair:5
    Orc (2/2) D:10            Elf (0/3) Orc:2        Vaults (0/5) D:13

Altars:
Cheibriados
Fedhas
Gozag
Kikubaaqudgha
Okawaru
Ru
Sif Muna
Uskayaw
Vehumet
Xom
Yredelemnul
The Shining One
Jiyva

Shops:
D:8 (?   Orc:2 =![(

Portals:
Trove: D:10 (give 17 potions of curing)

Annotations:
Lair:3 exclusion: oklob plant
Lair:5 1 runed translucent door


Innate Abilities, Weirdness & Mutations

You have very sharp teeth.
Your uncanny sense of smell can sniff out nearby items.
Your experience applies equally to all skills.
You have a pair of horns on your head.
Your flesh is cold resistant. (rC+)
You are somewhat resistant to further mutation.
You occasionally lose the ability to read scrolls when taking damage.
[You are very dopey. (Int -4)]
[Your magical capacity is very low. (-20% MP)]
[Your spells are easier to cast, but less powerful.]


Message History

The profane servitor is lightly damaged.
You block the thrashing horror's attack. x2
The wretched star pulses with an eldritch light!
You feel less energetic. x2
The profane servitor misses you.
The profane servitor hits you with a +3 whip.
You block the worldbinder's attack.
The worldbinder hits you but does no damage.
Unknown command.
Unknown command.
The white imp shouts, "Give up, thou loggerheaded roguish whip-jack!"
You slash the wretched star! You burn the wretched star.
You headbutt the wretched star, but do no damage.
You bite the wretched star, but do no damage.
The wretched star is lightly damaged.
The deep elf pyromancer disappears in a puff of smoke!
The fire elemental disappears in a puff of smoke! x2
The thrashing horror barely misses you. The thrashing horror tramples you.
You hold your ground!
The profane servitor completely misses you.
You block the profane servitor's attack.
The deep elf pyromancer hits you but does no damage.
The worldbinder calls forth creatures from the Elven Halls!
The wretched star pulses with an eldritch light!
Unknown command.
Unknown command.
You closely miss the wretched star. You headbutt the wretched star!
Your bite misses the wretched star.
The wretched star is moderately damaged.
The deep elf pyromancer disappears in a puff of smoke!
The thrashing horror tramples you.
You hold your ground!
You block the thrashing horror's attack.
The thrashing horror tramples you but does no damage.
You block the thrashing horror's attack.
The profane servitor hits you with a +3 whip!
The profane servitor draws strength from your injuries!
The profane servitor hits you but does no damage.
The worldbinder hits you but does no damage.
The worldbinder misses you.
Are you sure you want to abandon this character and quit the game? (Confirm with "yes".)

.............
...............
... ......... .
.... #......# .
....##......##...
......[([........
......)))......
.......e*.......
.......@§........
.....§XAx.e......
......§§°.°°.....
....##5§....##..
.... #......# ..
... ......... . .
........... ....
.......


You could see a profane servitor, a wretched star, a thrashing horror, a deep
elf pyromancer (summoned), a worldbinder, a deep elf zephyrmancer (summoned) and
a white imp.

Vanquished Creatures
  14 slime creatures
  The ghost of BeingJoeMalik the Bludgeoner, a journeyman TeFi of Dithmenos (D:12)
  Harold (D:10)
  Erolcha (Orc:2)
  10 hydras
  Fannar (D:11)
  Erica (Orc:1)
  2 boulder beetles
  8 vault guards (D:13)
  4 catoblepae
  2 ogre magi (Orc:2)
  4 centaur warriors
  2 two-headed ogres
  11 death yaks
  Urug (Lair:2)
  5 skeletal warriors (D:13)
  A sixfirhy (Abyss:2)
  The ghost of hawla the Thaumaturge, a novice MeIE of Vehumet (D:11)
  Amaemon (Lair:2)
  A deep elf pyromancer (D:13)
  4 cyclopes
  8 orc sorcerers
  2 ugly things
  10 elephants (Lair:5)
  6 manticores
  4 black mambas
  The ghost of bmack86 the Chopper, a novice MiFi of Okawaru (D:5)
  A gargoyle (D:9)
  A hellion (Abyss:2)
  7 cane toads
  An orange demon (Lair:3)
  5 rime drakes
  4 komodo dragons
  4 kobold demonologists
  3 trolls
  A polar bear (D:12)
  A tyrant leech (Lair:3)
  4 hornets
  7 dream sheep (Lair:5)
  27 blink frogs
  2 spriggans (D:12)
  A shadow (D:12)
  36 yaks
  2 water elementals (D:12)
  2 wraiths (D:12)
  5 wyverns
  3 basilisks
  Eustachio (D:4)
  3 steam dragons
  6 vampire mosquitoes
  2 nagas (Lair:2)
  A swamp worm (Lair:3)
  An acid dragon (D:9)
  9 water moccasins
  Duvessa (D:4)
  9 orc warriors
  7 ice beasts
  A sky beast (D:8)
  2 black bears
  11 ogres
  22 wolves
  A boggart (D:12)
  5 centaurs
  3 kobold brigands
  12 bullfrogs
  A necrophage (D:4)
  A gnoll sergeant (D:11)
  2 scorpions
  3 wights (D:9)
  Dowan (D:4)
  30 killer bees
  The ghost of leafyfresh the Sneak, a weakling OpDe (D:5)
  5 electric eels (D:12)
  5 howler monkeys
  5 crimson imps (D:9)
  3 hounds
  2 jellies
  12 orc priests
  An iron imp (D:4)
  A gnoll bouda (D:3)
  4 iguanas
  32 orc wizards
  9 hell rats
  A boggart simulacrum (D:11)
  11 gnolls
  6 adders
  2 shadow imps (D:9)
  6 white imps
  2 worms
  A dart slug (D:3)
  59 orcs
  6 ball pythons
  12 endoplasms
  4 giant cockroaches
  8 goblins
  10 hobgoblins
  A quokka (D:3)
  4 bats (D:1)
  3 frilled lizards (D:1)
  18 kobolds
  3 rats
596 creatures vanquished.

Vanquished Creatures (others)
  An orc wizard (Orc:2)
  A bush (D:6)
  22 fungi
  64 plants
88 creatures vanquished.

Grand Total: 684 creatures vanquished

Notes
Turn   | Place    | Note
-------+----------+-------------------------------------------
     0 | D:1      | Renzlar the Gnoll Fighter began the quest for the Orb.
     0 | D:1      | Reached XP level 1. HP: 23/23 MP: 1/1
    60 | D:1      | Reached XP level 2. HP: 29/29 MP: 2/2
   393 | D:1      | Reached XP level 3. HP: 35/35 MP: 3/3
   731 | D:2      | Found a faded altar of an unknown god.
   745 | D:2      | Reached skill level 1 in Invocations
   854 | D:2      | Reached skill level 1 in Short Blades
   854 | D:2      | Reached skill level 1 in Long Blades
   854 | D:2      | Reached skill level 1 in Maces & Flails
   854 | D:2      | Reached skill level 1 in Polearms
   854 | D:2      | Reached skill level 1 in Staves
   854 | D:2      | Reached skill level 1 in Ranged Weapons
   854 | D:2      | Reached skill level 1 in Throwing
   854 | D:2      | Reached skill level 1 in Dodging
   854 | D:2      | Reached skill level 1 in Stealth
   854 | D:2      | Reached skill level 1 in Unarmed Combat
   854 | D:2      | Reached skill level 1 in Spellcasting
   854 | D:2      | Reached skill level 1 in Evocations
   950 | D:2      | Identified 2 scrolls of acquirement
   950 | D:2      | Acquired an amulet of reflection
   958 | D:2      | Acquired a manual of Armour
  1092 | D:2      | Reached skill level 1 in Conjurations
  1092 | D:2      | Reached skill level 1 in Hexes
  1092 | D:2      | Reached skill level 1 in Summonings
  1092 | D:2      | Reached skill level 1 in Necromancy
  1092 | D:2      | Reached skill level 1 in Translocations
  1092 | D:2      | Reached skill level 1 in Transmutations
  1092 | D:2      | Reached skill level 1 in Fire Magic
  1092 | D:2      | Reached skill level 1 in Ice Magic
  1092 | D:2      | Reached skill level 1 in Air Magic
  1092 | D:2      | Reached skill level 1 in Earth Magic
  1092 | D:2      | Reached skill level 1 in Poison Magic
  1092 | D:2      | Reached XP level 4. HP: 25/41 MP: 5/5
  1116 | D:2      | Found an iron altar of Okawaru.
  1123 | D:2      | Became a worshipper of Warmaster Okawaru
  1490 | D:3      | Reached XP level 5. HP: 20/47 MP: 5/7
  1692 | D:3      | Found a hide-covered altar of Uskayaw.
  2411 | D:3      | Found a basalt altar of Yredelemnul.
  2781 | D:4      | Noticed Duvessa
  2781 | D:4      | Noticed Dowan
  2881 | D:4      | Killed Duvessa
  2881 | D:4      | Reached * piety under Okawaru
  2882 | D:4      | Reached skill level 5 in Axes
  2882 | D:4      | Reached skill level 7 in Armour
  2882 | D:4      | Reached XP level 6. HP: 27/53 MP: 7/9
  3277 | D:4      | Killed Dowan
  3350 | D:4      | Noticed Eustachio
  3415 | D:4      | Killed Eustachio
  3416 | D:4      | Reached XP level 7. HP: 29/60 MP: 8/10
  3609 | D:4      | Reached ** piety under Okawaru
  3625 | D:4      | Identified the +10 falchion "Voaxe" {flame, Contam Dex+6}
  3780 | D:4      | Found a glowing golden altar of the Shining One.
  4105 | D:4      | Found a snail-covered altar of Cheibriados.
  4140 | D:5      | Entered Level 5 of the Dungeon
  4157 | D:5      | Reached XP level 8. HP: 67/67 MP: 12/12
  4217 | D:5      | Reached skill level 8 in Armour
  4591 | D:5      | Found a runed translucent gate.
  4597 | D:5      | Found a runed translucent gate.
  4598 | D:5      | Found a runed translucent gate.
  4599 | D:5      | Noticed bmack86's ghost (novice MiFi)
  4599 | D:5      | Noticed leafyfresh's ghost (weakling OpDe)
  4628 | D:5      | Killed bmack86's ghost
  4634 | D:5      | Killed leafyfresh's ghost
  4646 | D:5      | Reached *** piety under Okawaru
  4658 | D:5      | Reached XP level 9. HP: 18/73 MP: 13/15
  5117 | D:5      | Found a sacrificial altar of Ru.
  5117 | D:5      | Found an ancient bone altar of Kikubaaqudgha.
  5185 | D:5      | Learned a level 2 spell: Wereblood
  5500 | D:6      | Gained mutation: [Your spells are a little easier to cast,
                  | but a little less powerful.] [mutagenic glow]
  5610 | D:6      | Found a staircase to the Ecumenical Temple.
  5927 | D:6      | Found a blossoming altar of Fedhas.
  6273 | D:7      | Reached skill level 9 in Armour
  6802 | D:8      | Found a staircase to the Lair.
  6827 | D:8      | Reached skill level 5 in Invocations
  6835 | D:8      | Reached **** piety under Okawaru
  6993 | D:8      | Found Ocyzamookh's Magic Scroll Emporium.
  7196 | D:8      | Received a gift from Okawaru
  7242 | D:8      | Learned a level 3 spell: Frozen Ramparts
  7336 | D:8      | Found Ilebopti's Weapon Shop.
  7429 | D:8      | Reached skill level 5 in Short Blades
  7429 | D:8      | Reached skill level 5 in Long Blades
  7429 | D:8      | Reached skill level 5 in Maces & Flails
  7429 | D:8      | Reached skill level 5 in Polearms
  7429 | D:8      | Reached skill level 5 in Staves
  7429 | D:8      | Reached skill level 5 in Ranged Weapons
  7429 | D:8      | Reached skill level 5 in Throwing
  7429 | D:8      | Reached skill level 5 in Dodging
  7429 | D:8      | Reached skill level 5 in Stealth
  7429 | D:8      | Reached skill level 5 in Unarmed Combat
  7429 | D:8      | Reached skill level 5 in Spellcasting
  7429 | D:8      | Reached skill level 5 in Evocations
  7429 | D:8      | Reached XP level 10. HP: 70/81 MP: 17/17
  7573 | D:8      | Received a gift from Okawaru
  7916 | D:9      | Found a shimmering blue altar of Sif Muna.
  7959 | D:9      | Reached skill level 10 in Armour
  8017 | D:9      | Received a gift from Okawaru
  8413 | D:9      | Noticed a gargoyle
  8427 | D:9      | Killed a gargoyle
  8514 | D:9      | Noticed a kobold demonologist
  8523 | D:9      | Killed a kobold demonologist
  8523 | D:9      | Reached ***** piety under Okawaru
  8553 | D:9      | Learned a level 3 spell: Stone Arrow
  8674 | Lair:1   | Entered Level 1 of the Lair of Beasts
  8965 | Lair:1   | Noticed a cane toad
  8971 | Lair:1   | Killed a cane toad
  8972 | Lair:1   | Reached skill level 5 in Conjurations
  8972 | Lair:1   | Reached skill level 5 in Hexes
  8972 | Lair:1   | Reached skill level 5 in Summonings
  8972 | Lair:1   | Reached skill level 5 in Necromancy
  8972 | Lair:1   | Reached skill level 5 in Translocations
  8972 | Lair:1   | Reached skill level 5 in Transmutations
  8972 | Lair:1   | Reached skill level 5 in Fire Magic
  8972 | Lair:1   | Reached skill level 5 in Ice Magic
  8972 | Lair:1   | Reached skill level 5 in Air Magic
  8972 | Lair:1   | Reached skill level 5 in Earth Magic
  8972 | Lair:1   | Reached skill level 5 in Poison Magic
  8972 | Lair:1   | Reached XP level 11. HP: 89/89 MP: 20/20
  9102 | Lair:1   | Received a gift from Okawaru
  9150 | Lair:1   | Reached skill level 11 in Armour
  9159 | Lair:1   | Received a gift from Okawaru
  9611 | Lair:2   | Identified the +6 battleaxe of Departure {freeze, Int+4}
                  | (Okawaru gifted it to you on level 2 of the Lair of Beasts)
  9611 | Lair:2   | Received a gift from Okawaru
  9729 | Lair:2   | Noticed Urug
  9732 | Lair:2   | Learned a level 4 spell: Cause Fear
  9747 | Lair:2   | Killed Urug
  9865 | Lair:2   | Found a staircase to the Snake Pit.
 10488 | Lair:3   | Noticed a five-headed hydra
 10496 | Lair:3   | Killed a one-headed hydra
 10613 | Lair:3   | Noticed a five-headed hydra
 10629 | Lair:3   | Killed a two-headed hydra
 10658 | Lair:3   | Received a gift from Okawaru
 10659 | Lair:3   | Reached skill level 12 in Armour
 10659 | Lair:3   | Reached XP level 12. HP: 29/97 MP: 10/22
 10749 | Lair:3   | Noticed a catoblepas
 10767 | Lair:3   | Killed a catoblepas
 10844 | Lair:3   | Noticed Amaemon
 10913 | Lair:2   | Killed Amaemon
 10914 | Lair:2   | Reached skill level 10 in Fighting
 10914 | Lair:2   | Reached skill level 10 in Shields
 11165 | Lair:3   | Noticed a five-headed hydra
 11165 | Lair:3   | Noticed a six-headed hydra
 11184 | Lair:3   | Killed a one-headed hydra
 11190 | Lair:3   | Killed a one-headed hydra
 11281 | Lair:3   | Found a staircase to the Swamp.
 12145 | Lair:4   | Noticed a five-headed hydra
 12158 | Lair:4   | Killed a one-headed hydra
 12158 | Lair:4   | Reached ****** piety under Okawaru
 12165 | Lair:4   | Learned a level 5 spell: Freezing Cloud
 12225 | Lair:4   | Noticed a six-headed hydra
 12236 | Lair:4   | Killed a one-headed hydra
 12329 | Lair:4   | Reached skill level 13 in Armour
 12407 | Lair:4   | Noticed a death yak
 12409 | Lair:4   | Noticed a death yak
 12427 | Lair:4   | Killed a death yak
 12427 | Lair:4   | Received a gift from Okawaru
 12498 | Lair:4   | Noticed a death yak
 12536 | Lair:4   | Killed a death yak
 12537 | Lair:4   | Reached XP level 13. HP: 70/104 MP: 18/25
 12607 | Lair:4   | Received a gift from Okawaru
 12802 | Lair:4   | Found a transporter.
 12802 | Lair:4   | Found a transporter.
 13190 | Lair:5   | Entered Level 5 of the Lair of Beasts
 13393 | Lair:5   | Received a gift from Okawaru
 13591 | Lair:5   | Reached skill level 10 in Axes
 13606 | Lair:5   | Gained mutation: You possess an exceptional clarity of
                  | mind. [mutagenic glow]
 13797 | Lair:5   | Identified the +10 quarterstaff of the Crushed Curses
                  | {vorpal, Int+4} (Okawaru gifted it to you on level 5 of the
                  | Lair of Beasts)
 13797 | Lair:5   | Received a gift from Okawaru
 13856 | Lair:5   | Found a runed translucent door.
 13856 | Lair:5   | Found a viscous altar of Jiyva.
 13857 | Lair:5   | Found a staircase to the Slime Pits.
 13882 | Lair:5   | Reached skill level 14 in Armour
 14183 | Lair:5   | Reached skill level 10 in Invocations
 14183 | Lair:5   | Reached XP level 14. HP: 80/113 MP: 27/27
 14693 | Lair:5   | Received a gift from Okawaru
 14800 | Lair:5   | Received a gift from Okawaru
 14825 | Lair:5   | Identified the +4 plate armour of the Spider Nest {Will++}
 14856 | Lair:5   | Reached XP level 15. HP: 120/120 MP: 28/28
 15315 | D:10     | Entered Level 10 of the Dungeon
 15368 | D:10     | Noticed Harold
 15383 | D:10     | Killed Harold
 15622 | D:10     | Reached skill level 15 in Armour
 15846 | D:10     | Found a portal to a secret trove of treasure.
 15967 | D:10     | Found an opulent altar of Gozag.
 16027 | D:10     | Found a staircase to the Orcish Mines.
 16290 | Orc:1    | Entered Level 1 of the Orcish Mines
 16375 | Orc:2    | Entered Level 2 of the Orcish Mines
 16424 | Orc:1    | Noticed Erica
 16433 | Orc:1    | Killed Erica
 16433 | Orc:1    | Identified the +1 robe of Reason {Int+3} (Okawaru gifted it
                  | to you on level 1 of the Orcish Mines)
 16433 | Orc:1    | Received a gift from Okawaru
 16563 | Orc:1    | Reached skill level 10 in Short Blades
 16563 | Orc:1    | Reached skill level 10 in Long Blades
 16563 | Orc:1    | Reached skill level 10 in Maces & Flails
 16563 | Orc:1    | Reached skill level 10 in Polearms
 16563 | Orc:1    | Reached skill level 10 in Staves
 16563 | Orc:1    | Reached skill level 10 in Ranged Weapons
 16563 | Orc:1    | Reached skill level 10 in Throwing
 16563 | Orc:1    | Reached skill level 10 in Dodging
 16563 | Orc:1    | Reached skill level 10 in Stealth
 16563 | Orc:1    | Reached skill level 10 in Unarmed Combat
 16563 | Orc:1    | Reached skill level 10 in Spellcasting
 16563 | Orc:1    | Reached skill level 10 in Evocations
 16912 | Orc:2    | Found a shimmering altar of Xom.
 16918 | Orc:2    | Found a staircase to the Elven Halls.
 17320 | Orc:2    | Found Xotuoqim's Jewellery Boutique.
 17379 | Orc:2    | Found Kixt's Antique Weapon Shop.
 17386 | Orc:2    | Bought a scorched rapier for 216 gold pieces
 17386 | Orc:2    | Identified the +10 rapier of Pett {freeze, rPois rF+++
                  | Int+3 Dex-4} (You bought it in a shop on level 2 of the
                  | Orcish Mines)
 17399 | Orc:2    | Found an ancient bone altar of Kikubaaqudgha.
 17426 | Orc:2    | Found Tipid's Antique Armour Shop.
 17440 | Orc:2    | Noticed Erolcha
 17449 | Orc:2    | Killed Erolcha
 17529 | Orc:2    | Bought a runed helmet for 195 gold pieces
 17543 | Orc:2    | Found Wouplan's Distillery.
 17615 | Orc:2    | Found a radiant altar of Vehumet.
 17638 | Orc:2    | Bought a ring of see invisible for 225 gold pieces
 17900 | D:11     | Noticed hawla's ghost (novice MeIE)
 18197 | D:11     | Found a runed translucent gate.
 18200 | D:11     | Found a runed translucent gate.
 18201 | D:11     | Found a runed translucent gate.
 18251 | D:11     | Killed hawla's ghost
 18497 | D:11     | Noticed Fannar
 18508 | D:11     | Killed Fannar
 18689 | D:12     | Found a runed translucent door.
 18691 | D:12     | Noticed BeingJoeMalik's ghost (journeyman TeFi)
 18693 | D:12     | Identified the +4 trident of Jemoul {speed, rC+}
 18717 | D:12     | Killed BeingJoeMalik's ghost
 18924 | D:12     | Identified the +0 ring mail of the Vaults {rElec Dex+4}
                  | (Okawaru gifted it to you on level 12 of the Dungeon)
 18924 | D:12     | Received a gift from Okawaru
 18925 | D:12     | Reached XP level 16. HP: 89/127 MP: 30/30
 19758 | D:12     | Lost mutation: You possess an exceptional clarity of mind.
                  | [potion of mutation]
 19758 | D:12     | Lost mutation: [Your spells are a little easier to cast,
                  | but a little less powerful.] [potion of mutation]
 19758 | D:12     | Gained mutation: Your flesh is heat resistant. (rF+)
                  | [potion of mutation]
 19758 | D:12     | Gained mutation: You have sharp toenails. [potion of
                  | mutation]
 19758 | D:12     | Gained mutation: You expend magic power (3 MP) to
                  | strengthen your wands. [potion of mutation]
 19759 | D:12     | Lost mutation: Your flesh is heat resistant. (rF+) [potion
                  | of mutation]
 19759 | D:12     | Lost mutation: You expend magic power (3 MP) to strengthen
                  | your wands. [potion of mutation]
 19759 | D:12     | Lost mutation: You have sharp toenails. [potion of
                  | mutation]
 19759 | D:12     | Gained mutation: You have hidden genetic defects. [potion
                  | of mutation]
 19759 | D:12     | Gained mutation: You are frail. (-10% HP) [potion of
                  | mutation]
 19760 | D:12     | Lost mutation: You are frail. (-10% HP) [potion of
                  | mutation]
 19760 | D:12     | Lost mutation: You have hidden genetic defects. [potion of
                  | mutation]
 19760 | D:12     | Gained mutation: You are agile. (Dex +4, Str/Int -1)
                  | [potion of mutation]
 19760 | D:12     | Gained mutation: You occasionally lose the ability to drink
                  | potions when taking damage. [potion of mutation]
 19760 | D:12     | Gained mutation: You have a pair of small horns on your
                  | head. [potion of mutation]
 19760 | D:12     | Gained mutation: You have large cloven feet. [potion of
                  | mutation]
 19761 | D:12     | Lost mutation: You occasionally lose the ability to drink
                  | potions when taking damage. [potion of mutation]
 19761 | D:12     | Lost mutation: You have large cloven feet. [potion of
                  | mutation]
 19761 | D:12     | Gained mutation: You occasionally lose the ability to read
                  | scrolls when taking damage. [potion of mutation]
 19761 | D:12     | Gained mutation: [Your magical capacity is low. (-10% MP)]
                  | [potion of mutation]
 19761 | D:12     | Gained mutation: Your flesh is cold resistant. (rC+)
                  | [potion of mutation]
 19761 | D:12     | Gained mutation: You have a pair of horns on your head.
                  | [potion of mutation]
 19958 | D:13     | Reached skill level 16 in Armour
 20563 | D:13     | Identified the +1 tower shield of the Turtledove {Harm rF+
                  | Str+4 Dex+2}
 20573 | D:13     | Lost mutation: You are agile. (Dex +4, Str/Int -1) [potion
                  | of mutation]
 20573 | D:13     | Lost mutation: [Your magical capacity is low. (-10% MP)]
                  | [potion of mutation]
 20573 | D:13     | Gained mutation: You are somewhat resistant to further
                  | mutation. [potion of mutation]
 20710 | D:13     | Found a gate to the Vaults.
 21040 | Abyss:2  | Cast into level 2 of the Abyss (a wizard)
 21111 | Abyss:2  | Received a gift from Okawaru
 21138 | Abyss:2  | Noticed a profane servitor
 21154 | Abyss:2  | Quit the game

Illustrated notes

Levels and vault maps discovered:
D:1:      dpeg_arrival_rooms_with_view, layout_loops_ring,
          minmay_misc_feat_more_columns, minmay_misc_feat_x
D:2:      minmay_general_purpose_star, layout_basic, basic_altar,
          shapermc_ecumenical_altar_notcrosses, minmay_misc_feat_five
D:3:      layout_loops_corners, nicolae_uskayaw_dance_hall,
          mainiacjoe_overflow_alcove_4, grunt_ministairs_2
D:4:      layout_basic, mainiacjoe_overflow_small_starburst, chei_slow_surprise,
          minmay_misc_feat_square, kennysheep_generic_room_15, uniq_duvessa,
          uniq_eustachio
D:5:      layout_basic, gammafunk_temple_overflow_wave, gammafunk_ghost_cemetery
D:6:      layout_cave_pools, fedhas_altar_decomposition,
          minmay_temple_entry_grid
D:7:      layout_basic, minivault_24
D:8:      layout_gridville, lair_entry_dummy, serial_shops,
          nicolae_shop_bloodbath_and_beyond, shop_statue
D:9:      layout_basic, nicolae_sif_muna_condensation, minivault_25_ag,
          minmay_nine_imps
D:10:     layout_loops_ring, nicolae_overflow_crystal_walls, orc_0_dummy,
          enter_trove_3, lightli_fourway_metalbox, uniq_harold
D:11:     layout_big_octagon, gammafunk_ghost_icy, grunt_ministairs_12,
          minmay_misc_feat_ornament, st_stairs_7, uniq_fannar
D:12:     layout_roguey, serial_bayou, serial_bayou_lagoon_b,
          serial_bayou_pond_d, serial_bayou_pond_e, serial_bayou_lagoon_a,
          ebering_ghost_funeral_grove
D:13:     layout_cave_pods, erik_vaults_2, grunt_ministairs_2
D:14:     minmay_shrinking_squares, layout_loops_ring, minmay_misc_feat_cross,
          serial_shops, nicolae_shop_temple_entry_statues_fountains,
          guppyfry_shop_venom
Lair:1:   layout_hall_layers
Lair:2:   layout_loops_ring, guppyfry_snake_entry_garden, minivault_27,
          lemuel_fruit_fields, lemuel_fruit_tree, serial_bayou_shore_b,
          lemuel_fruit_fields, infiniplex_staircase_pool, uniq_urug
Lair:3:   layout_big_grid, palyth_hydra_swamp_entry,
          portal_ice_cave_entry_pillars_1, minivault_27,
          minmay_stone_trees_small, cheibrodos_lair_caveside_slide,
          grunt_megastairs_3, serial_bayou_shore_a, uniq_amaemon
Lair:4:   gammafunk_boulding_lane, layout_loops_ring
Lair:5:   evilmike_catoblepas_cave, layout_gridlike, slime_entry_2
Orc:1:    layout_diamond_mine, uniq_erica
Orc:2:    kennysheep_orc_mage_school, layout_caves, basic_altar
Abyss:2:  base: D:4, evilmike_abyss_exit_kraken, lemuel_flamethrower_2

Skill      XL: |  1  2  3  4  5  6  7  8  9 10 11 12 13 14 15 16 |
---------------+-------------------------------------------------+-----
Invocations    | 1 2 3 4 5 6 7 8 10 11 | 11.9
Short Blades   | 1 2 3 4 5 6 7 8 9 10 | 10.9
Long Blades    | 1 2 3 4 5 6 7 8 9 10 | 10.9
Maces & Flails | 1 2 3 4 5 6 7 8 9 10 | 10.9
Polearms       | 1 2 3 4 5 6 7 8 9 10 | 10.9
Staves         | 1 2 3 4 5 6 7 8 9 10 | 10.9
Ranged Weapons | 1 2 3 4 5 6 7 8 9 10 | 10.9
Throwing       | 1 2 3 4 5 6 7 8 9 10 | 10.9
Dodging        | 1 2 3 4 5 6 7 8 9 10 | 10.9
Stealth        | 1 2 3 4 5 6 7 8 9 10 | 10.9
Unarmed Combat | 1 2 3 4 5 6 7 8 9 10 | 10.9
Spellcasting   | 1 2 3 4 5 6 7 8 9 10 | 10.9
Evocations     | 1 2 3 4 5 6 7 8 9 10 | 10.9
Conjurations   | 1 2 3 4 5 6 7 8 9 |  9.2
Hexes          | 1 2 3 4 5 6 7 8 9 |  9.2
Summonings     | 1 2 3 4 5 6 7 8 9 |  9.2
Necromancy     | 1 2 3 4 5 6 7 8 9 |  9.2
Translocations | 1 2 3 4 5 6 7 8 9 |  9.2
Transmutations | 1 2 3 4 5 6 7 8 9 |  9.2
Fire Magic     | 1 2 3 4 5 6 7 8 9 |  9.2
Ice Magic      | 1 2 3 4 5 6 7 8 9 |  9.2
Air Magic      | 1 2 3 4 5 6 7 8 9 |  9.2
Earth Magic    | 1 2 3 4 5 6 7 8 9 |  9.2
Poison Magic   | 1 2 3 4 5 6 7 8 9 |  9.2
Axes           | 5 6 7 8 9 10 11 | 11.8
Armour         | 7 8 9 10 12 13 14 15 16 | 16.3
Fighting       | 7 8 9 10 11 12 | 12.6
Shields        | 7 8 9 10 11 12 | 12.6

Action                   |  1- 3 |  4- 6 |  7- 9 | 10-12 | 13-15 | 16-18 || total
-------------------------+-------+-------+-------+-------+-------+-------++-------
Melee: War axe           |    89 |   197 |     6 |       |    24 |       ||   316
       Bite              |     7 |    18 |    25 |    78 |   175 |    70 ||   373
       Falchion          |       |       |   241 |   537 |   967 |   369 ||  2114
       Headbutt          |       |       |       |       |       |    82 ||    82
 Fire: Sling             |       |       |     4 |       |       |       ||     4
Throw: Boomerang         |       |       |       |    10 |     3 |     5 ||    18
       Dart              |       |       |       |     9 |    12 |     3 ||    24
       Javelin           |       |       |       |       |     3 |       ||     3
 Cast: Frozen Ramparts   |       |       |       |    18 |     5 |       ||    23
       Wereblood         |       |       |       |       |     8 |       ||     8
       Stone Arrow       |       |       |       |       |     2 |       ||     2
       Freezing Cloud    |       |       |       |       |    20 |     3 ||    23
Invok: Heroism           |       |     2 |     1 |     4 |     2 |     3 ||    12
Evoke: Wand              |       |       |       |       |     1 |       ||     1
  Use: Scroll            |     6 |     4 |     5 |     9 |     2 |     2 ||    28
       Potion            |     1 |       |     2 |     6 |     6 |     8 ||    23
 Stab: Sleeping          |       |       |     1 |     3 |    13 |     4 ||    21
       Distracted        |       |       |       |       |     3 |     2 ||     5
       Petrifying        |       |       |       |       |     1 |       ||     1
Armor: Scale mail        |    39 |     1 |    93 |   150 |   318 |   109 ||   710
       Chain mail        |       |    73 |    10 |       |       |       ||    83
Dodge: Dodged            |    38 |    42 |   150 |   261 |   405 |   175 ||  1071
Block: Buckler           |    22 |    98 |   131 |       |       |       ||   251
       Reflection        |       |     2 |     3 |       |       |       ||     5
       Kite shield       |       |       |       |   373 |   579 |   252 ||  1204
